 Dungeon Crawl Stone Soup version 0.32-a0-834-geaf45d8e21 (webtiles) character file.

Game seed: 4805392375200803631

12 AstroCodex24 the Trooper (level 2, -4/23 HPs)
             Began as a Vampire Fighter on Mar 26, 2024.
             Slain by an orc
             ... wielding a +0 trident
              (6 damage)
             ... on level 3 of the Dungeon.
             The game lasted 00:01:42 (256 turns).

AstroCodex24 the Trooper (Vampire Fighter)           Turns: 256, Time: 00:01:43

Health: -4/23      AC:  6    Str: 15    XL:     2   Next: 20%
Magic:  2/2        EV:  7    Int: 10    God:
Gold:   18         SH:  4    Dex: 13    Spells: 1/1 levels left

rFire   . . .        a - +0 war axe
rCold   . . .        c - +0 buckler
rNeg    . . .        b - +0 scale mail
rPois   .            (no helmet)
rElec   .            (no cloak)
rCorr   +            (no gloves)
SInv    +            (no boots)
Will    .....        (no amulet) Stlth
                     k - ring of resist corrosion
HPRegen 0.43/turn    (no ring)
MPRegen 0.08/turn

%: no passive effects
@: mighty, healing quickly
A: alive, fangs 3, see invisible, vampiric 1
a: Exsanguinate, Convert to Beogh


You were on level 3 of the Dungeon.
You visited 1 branch of the dungeon, and saw 3 of its levels.

You collected 18 gold pieces.

Inventory:

Hand Weapons
 a - a +0 war axe (weapon)
Armour
 b - a +0 scale mail (worn)
 c - a +0 buckler (worn)
Jewellery
 k - a ring of resist corrosion (left hand)
Scrolls
 h - a scroll of silence {unknown}
 i - 2 scrolls of identify {unknown}
Potions
 e - a potion of heal wounds {unknown}
 f - a potion of mutation {unknown}
 g - a potion of brilliance {unknown}


   Skills:
 + Level 2.9 Fighting
 + Level 2.0 Axes
 + Level 2.6 Armour
 + Level 2.8 Shields


You had one spell level left.
You didn't know any spells.
Your spell library was empty.

Dungeon Overview and Level Annotations

Branches:
Dungeon (3/15)

Altars:


Innate Abilities, Weirdness & Mutations

Your natural rate of healing is accelerated.
You have razor-sharp teeth.
You have supernaturally acute eyesight. (SInv)
You are afflicted with vampirism.


Message History

The kobold is moderately wounded.
The kobold hits you but does no damage.
You slash the kobold!
You kill the kobold!
Things that are here:
a +0 whip; a kobold corpse You see here the +1 leather armour of Idwywomne {Harm rElec rF-}.
j - the +1 leather armour of Idwywomne {Harm rElec rF-}
k - a ring of resist corrosion
There are no items here.
You drop the +1 leather armour of Idwywomne {Harm rElec rF-}.
k - a ring of resist corrosion (left hand)
Things that are here:
a +0 whip; a kobold corpse
Found 5 stones.
An orc comes into view. It is wielding a +0 trident.
The orc shouts!
You hear a shout! x3
An orc comes into view. It is wielding a +0 trident.
An endoplasm, an orc priest and 2 orcs come into view.
The endoplasm quivers.
The orc priest shouts!
The orc shouts! x2
The orc hits you but does no damage.
The orc priest mumbles some strange prayers to Beogh against you.
Beogh smites you!
Ouch! That really hurt!
You block the orc's attack. The orc barely misses you.
The orc priest shouts, "Surrender to Beogh and we'll let you live!" (press Y on the ability menu to convert to Beogh)
The orc attacks as it pursues you! The orc hits you but does no damage.
You feel very mighty all of a sudden. The orc hits you with a +0 short sword.
The orc curses loudly, as Orcs often do.
The orc closely misses you. The orc completely misses you.
You completely miss the orc. The orc hits you with a +0 short sword.
The orc hits you from afar with a +0 trident.
* * * LOW HITPOINT WARNING * * *
The orc hits you from afar with a +0 trident.
* * * LOW HITPOINT WARNING * * *
The orc hits you from afar with a +0 trident.
You die...

#)# ##### #.#
.... #####.##
...
#(.....###..#
#.###..##...#
###..##oo.#
#....##oo.#####
#.##...oJ......
#. ####@#..####
# #.# .# #.# #
... ... #...#
##.## #.#


You could see an orc priest, 4 orcs and an endoplasm.

Vanquished Creatures
  2 bats
  2 endoplasms
  2 goblins (D:1)
  A hobgoblin (D:1)
  3 frilled lizards
  A kobold (D:3)
11 creatures vanquished.

Notes
Turn   | Place    | Note
-------+----------+-------------------------------------------
     0 | D:1      | AstroCodex24 the Vampire Fighter began the quest for the
                  | Orb.
     0 | D:1      | Reached XP level 1. HP: 17/17 MP: 1/1
   134 | D:1      | Reached XP level 2. HP: 23/23 MP: 2/2
   225 | D:3      | Identified the +1 leather armour of Idwywomne {Harm rElec
                  | rF-}
   256 | D:3      | Slain by an orc

Illustrated notes

Levels and vault maps discovered:
D:1:      wander_arrival_estate, layout_basic, nrook_mini_vaults,
          wander_ebering_terrifying_dragon_lair
D:2:      layout_loops_ring
D:3:      layout_loops_ring, nicolae_overflow_hidden_temple,
          nemelex_diamond_rough_becter, nicolae_dithmenos_shadow_blocks,
          nzn_wu_jian_contemplation, minmay_joined_circles

Skill      XL: |  1  2 |
---------------+-------+-----
Axes           | 2 |  2.0
Fighting       | |  2.9
Armour         | |  2.6
Shields        | |  2.8

Action                     || total
---------------------------++-------
  Melee: War axe           ||    28
         Bite              ||     3
    Use: Potion            ||     1
 Armour: Scale mail        ||    28
  Dodge: Dodged            ||    17
  Block: Buckler           ||    11

Table legend: (Time is in decaauts)
 A = Elapsed time spent in this place.
 B = Non-inter-level travel time spent in this place.
 C = Inter-level travel time spent in this place.
 D = Time resting spent in this place.
 E = Time spent auto-exploring this place.
 F = Levels seen in this place.
 G = Mean time per level.
                   A        B        C        D        E       F      G
               +--------+--------+--------+--------+--------+-----+--------+
         Total |    267 |    267 |      0 |      0 |      0 |   3 |   89.0 |
       Dungeon |    267 |    267 |      0 |      0 |      0 |   3 |   89.0 |
               +--------+--------+--------+--------+--------+-----+--------+

Top non-repeatable levels by time:
     D:1: 155 daAuts
     D:2: 56 daAuts
     D:3: 55 daAuts
